 Dungeon Crawl Stone Soup version 0.31-a0-702-gf82c85558f (webtiles) character file.

Game seed: 16063793642878160191

42002 qw the Marksgargoyle (level 14, 0/92 HPs)
             Began as a Gargoyle Hunter on Sept 8, 2023.
             Was an Elder of Okawaru.
             Slain by a small abomination (23 damage)
             ... on level 5 of the Lair of Beasts.
             The game lasted 00:08:49 (15153 turns).

qw the Marksgargoyle (Gargoyle Hunter)             Turns: 15153, Time: 00:08:50

Health: 0/92       AC: 24    Str: 14    XL:     14   Next: 17%
Magic:  18/21      EV: 21    Int: 15    God:    Okawaru [****..]
Gold:   831        SH:  0    Dex: 17    Spells: 13/13 levels left

rFire   . . .        Y - +1 arbalest (chaos)
rCold   . . .        (shield currently unavailable)
rNeg    + . .        d - +1 ring mail "Keeshioq" {Int+3 SInv Stlth+}
rPois   inf          h - +0 helmet
rElec   +            l - +1 cloak
rCorr   .            (no gloves)
SInv    +            c - +0 pair of boots
Will    ++...        (no amulet)
Stlth   ++++         a - +5 ring of evasion
HPRegen 0.35/turn    o - ring of willpower
MPRegen 0.17/turn

%: no passive effects
@: mighty, about to teleport, heroic, flying
A: sickness immunity, AC +10, big wings, negative energy resistance 1,
electricity resistance, torment resistance 1, petrification resistance
a: Renounce Religion, Heroism, Finesse


You were on level 5 of the Lair of Beasts.
You worshipped Okawaru.
Okawaru was greatly pleased with you.
You visited 3 branches of the dungeon, and saw 15 of its levels.

You collected 831 gold pieces.


Innate Abilities, Weirdness & Mutations

You are immune to sickness and miasma.
Your stone body is resilient. (AC +10)
You are immune to poison.
Your large and strong wings let you fly.
You resist negative energy. (rN+)
You are resistant to electric shocks. (rElec)
You are resistant to unholy torment.
You are immune to petrification.


   Skills:
 - Level 12.0(17.0) Fighting
 - Level 18.0(23.0) Ranged Weapons
 - Level 7.0(12.0) Armour
 + Level 5.1(10.1) Dodging
 - Level 1.1(6.1) Stealth
 - Level 10.0 Invocations


You had 13 spell levels left.
You didn't know any spells.
Your spell library was empty.

Inventory:

Hand Weapons
 Y - a +1 arbalest of chaos (weapon)
Armour
 c - a +0 pair of boots (worn)
 d - the +1 ring mail "Keeshioq" (worn) {Int+3 SInv Stlth+}
   (You found it on level 2 of the Dungeon)

   Int+3:     It affects your intelligence (+3).
   SInv:      It lets you see invisible.
   Stlth+:    It makes you more stealthy.
 h - a +0 helmet (worn)
 j - a +0 troll leather armour
 l - a +1 cloak (worn)
Jewellery
 a - a +5 ring of evasion (left hand)
 n - a ring of resist corrosion
 o - a ring of willpower (right hand)
Scrolls
 e - 2 scrolls of identify
 p - a scroll of blinking {unknown}
 r - 2 scrolls of teleportation
Potions
 b - 2 potions of mutation
 f - 2 potions of haste
 g - a potion of might
 i - 2 potions of enlightenment
 k - 8 potions of curing
 m - a potion of cancellation
 q - a potion of magic {unknown}

Dungeon Overview and Level Annotations

Branches:
Dungeon (9/15)             Temple (1/1) D:6            Lair (5/5) D:9
  Swamp (0/4) Lair:2       Spider (0/4) Lair:2        Slime (0/5) Lair:4
    Orc: D:9-12

Altars:
Ashenzari
Cheibriados
Dithmenos
Elyvilon
Fedhas
Gozag
Hepliaklqana
Kikubaaqudgha
Makhleb
Nemelex Xobeh
Okawaru
Qazlal
Ru
Sif Muna
Trog
Uskayaw
Vehumet
Wu Jian
Xom
Yredelemnul
Zin
The Shining One
Jiyva

Shops:
D:8 [:

Annotations:
D:4 Eustachio
D:6 3 runed translucent doors, qw's ghost, novice GrHs; qw's ghost, novice GrHu; qw's ghost, novice MiHs


Message History

The elephant is severely wounded.
The chaos spawn completely misses you.
The elephant tramples you but does no damage.
The elephant trunk-slaps you but does no damage.
You shoot a bolt. The bolt hits the elephant!
The elephant suddenly seems more agile.
The elephant is severely wounded.
The chaos spawn misses you. The elephant completely misses you. x2
You shoot a bolt. The bolt hits the elephant!!!
The bolt freezes the elephant!
You kill the elephant!
Okawaru accepts your kill. The chaos spawn hits you.
You resist with almost no effort.
You shoot a bolt. The bolt hits the small abomination.
The small abomination seems to grow stronger.
The small abomination is moderately damaged.
The small abomination hits you. The chaos spawn closely misses you.
The small abomination hits you but does no damage.
You shoot a bolt.
The bolt hits the small abomination but does no damage.
The small abomination is moderately damaged.
The chaos spawn completely misses you.
The small abomination barely misses you.
You shoot a bolt.
The bolt hits the small abomination but does no damage.
The small abomination is moderately damaged.
The chaos spawn gores you!
You feel very mighty all of a sudden.
The small abomination barely misses you.
The chaos spawn hits you.
You feel your power leaking away.
15152 ||| READING 3 scrolls of teleportation.
As you read the scroll of teleportation, it crumbles to dust.
You feel strangely unstable.
The small abomination completely misses you.
The small abomination barely misses you.
The chaos spawn misses you.
You shoot a bolt. The bolt hits the small abomination!!
The small abomination is almost destroyed.
The small abomination hits you!!
You die...

...77.7 77....#.# ...$.7
7....#### ....7 7...##
...7 7...# 7..7 7...#
7777%.7 77.### 7..%3.7
7...# 7 77.lx477 7...# 7
. 77...7@7 777...# 7.7.
7...777777777.....###
...7 7...7
7.7..%.7.P#.### 7..77..77
7.....77<..##.# 7...7..7
77%....77.....##
7....777777...777777....#
77.....(7...777 7....#
7777.%....77 7#.###
7777.777 7#.#


You could see a smoke demon, a basilisk, a chaos spawn and a small abomination
(strong).

Vanquished Creatures
  Erica (Lair:1)
  A boulder beetle (Lair:2)
  A ghost crab (Lair:2)
  3 hydras
  2 two-headed ogres (D:9)
  6 death yaks (Lair:4)
  Maurice (D:8)
  3 black mambas
  15 elephants
  2 torpor snails
  7 cane toads
  9 komodo dragons
  A rime drake (D:9)
  A yaktaur (shapeshifter) (Lair:1)
  5 polar bears
  2 trolls
  A hornet (D:7)
  Prince Ribbit (D:6)
  12 blink frogs
  A spectral dream sheep (Lair:2)
  A spectral elephant (Lair:2)
  A spectral black mamba (Lair:2)
  2 slime creatures (Lair:4)
  Sigmund (D:6)
  A jumping spider (Lair:2)
  A ynoxinul (Lair:5)
  A wyvern (Lair:2)
  A shadow (D:7)
  6 basilisks (Lair:5)
  40 yaks
  Grum (Lair:1)
  A steam dragon (Lair:3)
  A spectral komodo dragon (Lair:2)
  A redback (Lair:2)
  Menkaure (D:7)
  Edmund (D:6)
  12 water moccasins
  Duvessa (D:6)
  An orc warrior (D:7)
  2 sky beasts
  4 ice beasts
  A spectral blink frog (Lair:2)
  A black bear (D:5)
  26 wolves
  A centaur (D:9)
  2 phantoms
  6 kobold brigands
  3 spectral water moccasins (Lair:2)
  3 scorpions
  13 bullfrogs
  4 wights
  Dowan (D:6)
  15 killer bees
  A howler monkey (D:9)
  A hound (D:5)
  5 orc priests
  A gnoll bouda (D:7)
  4 jellies
  3 iguanas
  Jessica (D:2)
  16 orc wizards
  3 sleepcaps
  7 small abominations (Lair:5)
  Robin (D:3)
  18 gnolls
  11 adders
  9 river rats (D:3)
  A shadow imp (D:7)
  A white imp (D:7)
  4 worms
  2 dart slugs
  46 orcs
  11 endoplasms
  2 giant cockroaches (D:4)
  20 goblins
  15 hobgoblins
  3 jackals (D:4)
  5 quokkas
  4 ball pythons
  5 bats
  8 frilled lizards
  56 kobolds
  7 rats
503 creatures vanquished.

Vanquished Creatures (others)
  An ice beast (D:9)
1 creature vanquished.

Grand Total: 504 creatures vanquished

Notes
Turn   | Place    | Note
-------+----------+-------------------------------------------
     0 | D:1      | qw the Gargoyle Hunter began the quest for the Orb.
     0 | D:1      | Reached XP level 1. HP: 12/12 MP: 1/1
     0 | D:1      | 0 ||| qw: Version: 0.3-a-76-g4403597
     0 | D:1      | 0 ||| qw: Game counter: 1159
     0 | D:1      | 0 ||| qw: Melee chars always use a shield: true
     0 | D:1      | 0 ||| qw: God list: Okawaru
     0 | D:1      | 0 ||| qw: Allow faded altars: false
     0 | D:1      | 0 ||| qw: Do Orc after clearing Dungeon:15 true
     0 | D:1      | 0 ||| qw: Do second Lair branch before Depths: true
     0 | D:1      | 0 ||| qw: Lair rune preference: random
     0 | D:1      | 0 ||| qw: Goals: Normal
     0 | D:1      | 0 ||| PLANNING D:1-11
    70 | D:1      | HP: 2/12 [goblin/+0 club (4)]
   153 | D:1      | Reached XP level 2. HP: 17/17 MP: 2/2
   157 | D:1      | You fall into a shaft and drop 1 floor!
   294 | D:2      | 294 ||| READING scroll labelled UGUF KUAJYXEM.
   297 | D:2      | 297 ||| READING scroll labelled MOELOTU JUNESH.
   298 | D:2      | 298 ||| READING scroll labelled IGO NOYRYL.
   299 | D:2      | 299 ||| DROPPING scroll of butterflies.
   503 | D:1      | Reached XP level 3. HP: 20/21 MP: 3/3
   558 | D:1      | Reached skill level 5 in Ranged Weapons
   755 | D:1      | 755 ||| READING scroll labelled DEINAEX MYBLA.
   756 | D:1      | 756 ||| READING scroll labelled NAHAIW OXTUENK.
   817 | D:2      | Reached skill level 3 in Fighting
   862 | D:2      | Reached XP level 4. HP: 28/28 MP: 4/4
   899 | D:2      | 899 ||| READING 3 scrolls of identify.
   899 | D:2      | 899 ||| IDENTIFYING clear potion
   902 | D:2      | 902 ||| READING 2 scrolls of identify.
   902 | D:2      | 902 ||| IDENTIFYING coppery potion
   903 | D:2      | 903 ||| DROPPING potion of attraction.
  1156 | D:2      | Identified the +1 ring mail "Keeshioq" {Int+3 SInv Stlth+}
  1246 | D:2      | Noticed Jessica
  1247 | D:2      | Killed Jessica
  1372 | D:2      | 1372 ||| UPGRADING to +1 ring mail "Keeshioq" {Int+3 SInv
                  | Stlth+}.
  1382 | D:2      | 1382 ||| DROPPING +0 leather armour.
  1383 | D:2      | 1383 ||| UPGRADING to +5 ring of evasion.
  1403 | D:3      | 1403 ||| PLANNING SEWER
  1417 | D:3      | 1417 ||| Stepping ~*~*~tactically~*~*~ (outnumbered).
  1436 | D:3      | Reached XP level 5. HP: 29/32 MP: 5/5
  1439 | D:3      | Reached skill level 1 in Armour
  1552 | D:3      | Reached skill level 6 in Ranged Weapons
  1587 | D:3      | Identified the +10 rapier "Cipsin" {elec, Int+2}
  1707 | D:3      | Found a shimmering blue altar of Sif Muna.
  1784 | D:3      | Noticed Robin
  1799 | D:3      | Killed Robin
  1938 | D:3      | Reached XP level 6. HP: 38/38 MP: 6/6
  1962 | D:3      | Found a stormy altar of Qazlal.
  1962 | D:3      | Noticed a sky beast
  1963 | D:3      | 1963 ||| UPGRADING to +0 helmet.
  1987 | D:3      | Killed a sky beast
  2128 | D:3      | 2128 ||| RIP SEWER
  2129 | D:3      | 2129 ||| PLANNING D:1-11
  2255 | D:3      | Reached skill level 7 in Ranged Weapons
  2390 | D:3      | 2390 ||| READING 2 scrolls labelled YJIATHR QOUJOL.
  2391 | D:3      | 2391 ||| READING scroll labelled TOS BEPESEN.
  2392 | D:3      | 2392 ||| READING 2 scrolls of identify.
  2392 | D:3      | 2392 ||| IDENTIFYING fizzy amethyst potion
  2393 | D:3      | 2393 ||| DROPPING potion of lignification.
  2394 | D:3      | 2394 ||| DROPPING scroll of immolation.
  2429 | D:4      | Reached XP level 7. HP: 43/43 MP: 7/7
  2782 | D:4      | 2782 ||| FLEEEEING.
  2783 | D:4      | 2783 ||| FLEEEEING.
  2784 | D:4      | 2784 ||| FLEEEEING.
  2785 | D:4      | 2785 ||| FLEEEEING.
  2786 | D:4      | 2786 ||| FLEEEEING.
  2787 | D:4      | 2787 ||| FLEEEEING.
  2788 | D:4      | 2788 ||| FLEEEEING.
  2789 | D:4      | 2789 ||| FLEEEEING.
  2790 | D:4      | 2790 ||| FLEEEEING.
  2791 | D:4      | 2791 ||| FLEEEEING.
  2792 | D:4      | 2792 ||| FLEEEEING.
  3024 | D:4      | Noticed Eustachio
  3029 | D:4      | 3029 ||| Stepping ~*~*~tactically~*~*~ (retreating).
  3104 | D:4      | 3104 ||| Stepping ~*~*~tactically~*~*~ (retreating).
  3127 | D:4      | HP: 8/43 [quokka[Eustachio] (3)]
  3128 | D:4      | 3128 ||| READING scroll of teleportation.
  3128 | D:4      | HP: 3/43 [river rat[Eustachio] (6)]
  3507 | D:4      | 3507 ||| UPGRADING to +0 pair of boots.
  3512 | D:4      | 3512 ||| UPGRADING to ring of resist corrosion.
  3513 | D:4      | 3513 ||| DRINKING 2 murky yellow potions.
  3618 | D:4      | 3618 ||| READING 3 scrolls of identify.
  3618 | D:4      | 3618 ||| IDENTIFYING silvery potion
  3619 | D:4      | 3619 ||| DROPPING potion of berserk rage.
  3632 | D:5      | Entered Level 5 of the Dungeon
  3642 | D:5      | 3642 ||| STAIRDANCE
  3652 | D:5      | 3652 ||| Stepping ~*~*~tactically~*~*~ (outnumbered).
  3655 | D:5      | 3655 ||| STAIRDANCE
  3706 | D:5      | 3706 ||| STAIRDANCE
  3715 | D:5      | Reached skill level 8 in Ranged Weapons
  3728 | D:5      | 3728 ||| STAIRDANCE
  3740 | D:5      | 3740 ||| STAIRDANCE
  3928 | D:5      | Reached XP level 8. HP: 33/49 MP: 8/8
  4022 | D:5      | Found an ancient bone altar of Kikubaaqudgha.
  4210 | D:5      | 4210 ||| Stepping ~*~*~tactically~*~*~ (outnumbered).
  4240 | D:5      | 4240 ||| Stepping ~*~*~tactically~*~*~ (outnumbered).
  4249 | D:5      | 4249 ||| Stepping ~*~*~tactically~*~*~ (retreating).
  4250 | D:5      | 4250 ||| Stepping ~*~*~tactically~*~*~ (retreating).
  4251 | D:5      | 4251 ||| Stepping ~*~*~tactically~*~*~ (retreating).
  4252 | D:5      | 4252 ||| Stepping ~*~*~tactically~*~*~ (retreating).
  4253 | D:5      | 4253 ||| Stepping ~*~*~tactically~*~*~ (retreating).
  4399 | D:5      | 4399 ||| Stepping ~*~*~tactically~*~*~ (outnumbered).
  4431 | D:5      | 4431 ||| FLEEEEING.
  4432 | D:5      | 4432 ||| FLEEEEING.
  4433 | D:5      | 4433 ||| FLEEEEING.
  4492 | D:5      | Reached skill level 9 in Ranged Weapons
  4521 | D:5      | 4521 ||| Stepping ~*~*~tactically~*~*~ (outnumbered).
  4523 | D:5      | 4523 ||| Stepping ~*~*~tactically~*~*~ (outnumbered).
  4572 | D:5      | Reached skill level 6 in Fighting
  4619 | D:5      | HP: 11/51 [orc/+0 flail (4)]
  4620 | D:5      | 4620 ||| READING scroll of teleportation.
  5094 | D:5      | Reached skill level 10 in Ranged Weapons
  5094 | D:5      | Reached XP level 9. HP: 17/55 MP: 9/9
  5094 | D:5      | HP: 13/55 [kobold/+0 club (4)]
  5100 | D:5      | HP: 12/55 [kobold/+0 club (3)]
  5409 | D:5      | 5409 ||| READING scroll labelled VISISHUORU.
  5410 | D:5      | 5410 ||| READING scroll labelled ZIGAEP EMIN.
  5411 | D:5      | 5411 ||| READING scroll labelled QOQEEPNUTT.
  5412 | D:5      | 5412 ||| DRINKING 2 metallic brown potions.
  5502 | D:6      | Noticed Sigmund
  5514 | D:6      | Killed Sigmund
  5515 | D:6      | Reached skill level 3 in Armour
  5521 | D:6      | 5521 ||| SWAPPING to +0 arbalest.
  5522 | D:6      | 5522 ||| DROPPING +0 shortbow.
  5538 | D:6      | Noticed Duvessa
  5538 | D:6      | Noticed Dowan
  5540 | D:6      | 5540 ||| RETREATING.
  5543 | D:6      | 5543 ||| Stepping ~*~*~tactically~*~*~ (retreating).
  5544 | D:6      | 5544 ||| Stepping ~*~*~tactically~*~*~ (retreating).
  5548 | D:6      | Killed Duvessa
  5552 | D:6      | Killed Dowan
  5615 | D:6      | Noticed Edmund
  5619 | D:6      | Killed Edmund
  5650 | D:6      | Found a runed translucent gate.
  5650 | D:6      | Found a runed translucent gate.
  5650 | D:6      | Found a runed translucent gate.
  5651 | D:6      | Noticed qw's ghost (novice GrHu)
  5652 | D:6      | Noticed qw's ghost (novice MiHs)
  5652 | D:6      | Noticed qw's ghost (novice GrHs)
  5784 | D:6      | Found a staircase to the Ecumenical Temple.
  5785 | D:6      | 5785 ||| PLANNING TEMPLE
  5785 | D:6      | 5785 ||| READING 3 scrolls of identify.
  5785 | D:6      | 5785 ||| IDENTIFYING murky amethyst potion
  5793 | Temple   | Found a transporter.
  5793 | Temple   | Found a transporter.
  5793 | Temple   | Found a transporter.
  5793 | Temple   | Found a transporter.
  5793 | Temple   | Entered the Ecumenical Temple
  5794 | Temple   | 5794 ||| PLANNING D:1-11
  5814 | Temple   | 5814 ||| PLANNING OKAWARU WORSHIP
  5819 | Temple   | Became a worshipper of Warmaster Okawaru
  5820 | Temple   | 5820 ||| PLANNING D:1-11
  6069 | D:6      | Noticed Prince Ribbit
  6078 | D:6      | Killed Prince Ribbit
  6349 | D:6      | 6349 ||| READING scroll labelled WOASIX XAEHU.
  6408 | D:7      | Reached skill level 11 in Ranged Weapons
  6408 | D:7      | 6408 ||| STAIRDANCE
  6502 | D:7      | 6502 ||| STAIRDANCE
  6521 | D:6      | Reached skill level 3 in Dodging
  6684 | D:7      | Noticed Menkaure
  6688 | D:7      | Killed Menkaure
  6688 | D:7      | Reached * piety under Okawaru
  6822 | D:7      | Reached skill level 1 in Invocations
  6853 | D:7      | 6853 ||| INVOKING Heroism.
  6886 | D:7      | 6886 ||| Stepping ~*~*~tactically~*~*~ (outnumbered).
  6888 | D:7      | 6888 ||| INVOKING Heroism.
  6894 | D:7      | Reached XP level 10. HP: 60/64 MP: 8/11
  6991 | D:7      | 6991 ||| INVOKING Heroism.
  7042 | D:7      | Reached skill level 3 in Invocations
  7147 | D:7      | Found a glowing golden altar of the Shining One.
  7195 | D:7      | 7195 ||| INVOKING Heroism.
  7459 | D:7      | Found a shimmering altar of Xom.
  7602 | D:7      | 7602 ||| READING scroll labelled JYUDAM ZOIQEXE.
  7603 | D:7      | 7603 ||| READING 3 scrolls of identify.
  7603 | D:7      | 7603 ||| IDENTIFYING emerald potion
  7604 | D:7      | 7604 ||| DROPPING potion of invisibility.
  7675 | D:8      | 7675 ||| STAIRDANCE
  7722 | D:8      | 7722 ||| STAIRDANCE
  7731 | D:7      | Reached skill level 12 in Ranged Weapons
  7800 | D:8      | 7800 ||| STAIRDANCE
  7833 | D:8      | 7833 ||| STAIRDANCE
  7851 | D:8      | 7851 ||| STAIRDANCE
  7859 | D:8      | 7859 ||| STAIRDANCE
  7977 | D:8      | Found Waimalisi's Book Emporium.
  7983 | D:8      | 7983 ||| READING 2 scrolls of identify.
  7983 | D:8      | 7983 ||| IDENTIFYING smoky purple potion
  8077 | D:8      | Found Lonickys's Antique Armour Emporium.
  8083 | D:8      | 8083 ||| SHOPLISTING +3 pair of mountain boots {steadfast,
                  | rC+} (804 gold, have 425).
  8121 | D:8      | Noticed Maurice
  8121 | D:8      | Paralysed by Maurice for 4 turns
  8143 | D:8      | Paralysed by Maurice for 3 turns
  8147 | D:8      | Paralysed by Maurice for 2 turns
  8149 | D:8      | Killed Maurice
  8189 | D:8      | Found an ornate altar of the Wu Jian Council.
  8512 | D:8      | 8512 ||| UPGRADING to +1 cloak.
  8517 | D:8      | 8517 ||| UPGRADING to ring of willpower.
  8519 | D:8      | 8519 ||| READING scroll labelled CONIUF OKO.
  8541 | D:9      | 8541 ||| INVOKING Heroism.
  8634 | D:9      | 8634 ||| INVOKING Heroism.
  8643 | D:9      | Reached skill level 13 in Ranged Weapons
  8647 | D:9      | 8647 ||| Stepping ~*~*~tactically~*~*~ (retreating).
  8648 | D:9      | 8648 ||| Stepping ~*~*~tactically~*~*~ (retreating).
  8649 | D:9      | 8649 ||| Stepping ~*~*~tactically~*~*~ (retreating).
  8655 | D:9      | Reached ** piety under Okawaru
  8660 | D:9      | 8660 ||| INVOKING Heroism.
  8675 | D:9      | Reached skill level 9 in Fighting
  8683 | D:9      | 8683 ||| INVOKING Heroism.
  8826 | D:9      | Reached XP level 11. HP: 63/71 MP: 14/14
  8897 | D:9      | Noticed a two-headed ogre
  8898 | D:9      | 8898 ||| INVOKING Heroism.
  8902 | D:9      | Killed a two-headed ogre
  8971 | D:9      | 8971 ||| RETREATING.
  8972 | D:9      | Noticed a two-headed ogre
  8973 | D:9      | 8973 ||| RETREATING.
  8975 | D:9      | 8975 ||| Stepping ~*~*~tactically~*~*~ (retreating).
  8989 | D:9      | 8989 ||| INVOKING Heroism.
  8997 | D:9      | Killed a two-headed ogre
  9000 | D:9      | Reached skill level 14 in Ranged Weapons
  9036 | D:9      | Found a sparkling altar of Nemelex Xobeh.
  9036 | D:9      | Found an opulent altar of Gozag.
  9081 | D:9      | Found a staircase to the Lair.
  9152 | D:9      | Found a snail-covered altar of Cheibriados.
  9295 | D:9      | 9295 ||| PLANNING LAIR
  9295 | D:9      | 9295 ||| DROPPING +3 leather armour.
  9296 | D:9      | 9296 ||| DROPPING amulet of magic regeneration.
  9311 | Lair:1   | Entered Level 1 of the Lair of Beasts
  9314 | Lair:1   | 9314 ||| STAIRDANCE
  9318 | Lair:1   | 9318 ||| STAIRDANCE
  9320 | D:9      | 9320 ||| Stepping ~*~*~tactically~*~*~ (retreating).
  9321 | D:9      | 9321 ||| Stepping ~*~*~tactically~*~*~ (retreating).
  9322 | D:9      | 9322 ||| Stepping ~*~*~tactically~*~*~ (retreating).
  9323 | D:9      | 9323 ||| Stepping ~*~*~tactically~*~*~ (retreating).
  9324 | D:9      | 9324 ||| INVOKING Heroism.
  9331 | D:9      | HP: 14/71 [yak[a torpor snail] (10)]
  9521 | Lair:1   | 9521 ||| STAIRDANCE
  9523 | D:9      | 9523 ||| INVOKING Heroism.
  9560 | Lair:1   | 9560 ||| STAIRDANCE
  9605 | Lair:1   | 9605 ||| INVOKING Heroism.
  9660 | Lair:1   | Reached *** piety under Okawaru
  9684 | Lair:1   | 9684 ||| INVOKING Heroism.
  9705 | Lair:1   | Noticed Grum
  9711 | Lair:1   | 9711 ||| INVOKING Heroism.
  9714 | Lair:1   | Killed Grum
  9774 | Lair:1   | 9774 ||| INVOKING Heroism.
  9797 | Lair:1   | 9797 ||| INVOKING Heroism.
  9835 | Lair:1   | 9835 ||| INVOKING Heroism.
  9855 | Lair:1   | 9855 ||| INVOKING Heroism.
  9858 | Lair:1   | Noticed Erica
  9864 | Lair:1   | Killed Erica
  9953 | Lair:1   | 9953 ||| INVOKING Heroism.
  9961 | Lair:1   | Reached skill level 15 in Ranged Weapons
  9961 | Lair:1   | Reached XP level 12. HP: 77/77 MP: 13/15
  9980 | Lair:1   | Reached skill level 6 in Armour
  9983 | Lair:1   | 9983 ||| RETREATING.
  9985 | Lair:1   | 9985 ||| Stepping ~*~*~tactically~*~*~ (retreating).
  9986 | Lair:1   | 9986 ||| Stepping ~*~*~tactically~*~*~ (retreating).
  9987 | Lair:1   | 9987 ||| Stepping ~*~*~tactically~*~*~ (retreating).
  9988 | Lair:1   | 9988 ||| Stepping ~*~*~tactically~*~*~ (retreating).
  9989 | Lair:1   | 9989 ||| Stepping ~*~*~tactically~*~*~ (retreating).
  9990 | Lair:1   | 9990 ||| Stepping ~*~*~tactically~*~*~ (retreating).
  9991 | Lair:1   | 9991 ||| Stepping ~*~*~tactically~*~*~ (retreating).
  9992 | Lair:1   | 9992 ||| INVOKING Heroism.
  9994 | Lair:1   | 9994 ||| Stepping ~*~*~tactically~*~*~ (retreating).
 10111 | Lair:1   | 10111 ||| INVOKING Heroism.
 10364 | Lair:1   | 10364 ||| RETREATING.
 10385 | Lair:1   | 10385 ||| Stepping ~*~*~tactically~*~*~ (retreating).
 10400 | Lair:1   | Reached **** piety under Okawaru
 10693 | Lair:1   | 10693 ||| READING 2 scrolls of identify.
 10693 | Lair:1   | 10693 ||| IDENTIFYING lumpy blue potion
 10721 | Lair:2   | 10721 ||| RETREATING.
 10722 | Lair:2   | 10722 ||| Stepping ~*~*~tactically~*~*~ (retreating).
 10722 | Lair:2   | Noticed a boulder beetle
 10723 | Lair:2   | 10723 ||| INVOKING Heroism.
 10727 | Lair:2   | 10727 ||| Stepping ~*~*~tactically~*~*~ (retreating).
 10729 | Lair:2   | 10729 ||| Stepping ~*~*~tactically~*~*~ (retreating).
 10730 | Lair:2   | 10730 ||| Stepping ~*~*~tactically~*~*~ (retreating).
 10734 | Lair:2   | 10734 ||| Stepping ~*~*~tactically~*~*~ (outnumbered).
 10743 | Lair:2   | 10743 ||| INVOKING Heroism.
 10757 | Lair:2   | Killed a boulder beetle
 10758 | Lair:2   | Reached skill level 16 in Ranged Weapons
 10964 | Lair:2   | 10964 ||| INVOKING Heroism.
 10966 | Lair:2   | 10966 ||| RETREATING.
 11030 | Lair:2   | 11030 ||| INVOKING Heroism.
 11143 | Lair:2   | Reached skill level 6 in Invocations
 11144 | Lair:2   | 11144 ||| RETREATING.
 11147 | Lair:2   | 11147 ||| Stepping ~*~*~tactically~*~*~ (retreating).
 11152 | Lair:2   | 11152 ||| Stepping ~*~*~tactically~*~*~ (retreating).
 11153 | Lair:2   | 11153 ||| Stepping ~*~*~tactically~*~*~ (retreating).
 11157 | Lair:2   | 11157 ||| INVOKING Heroism.
 11524 | Lair:2   | Found a hole to the Spider Nest.
 11525 | Lair:2   | 11525 ||| INVOKING Heroism.
 11549 | Lair:2   | 11549 ||| INVOKING Heroism.
 11862 | Lair:2   | 11862 ||| RETREATING.
 11904 | Lair:2   | 11904 ||| Stepping ~*~*~tactically~*~*~ (retreating).
 11905 | Lair:2   | 11905 ||| Stepping ~*~*~tactically~*~*~ (retreating).
 11906 | Lair:2   | 11906 ||| Stepping ~*~*~tactically~*~*~ (retreating).
 11907 | Lair:2   | 11907 ||| Stepping ~*~*~tactically~*~*~ (retreating).
 11908 | Lair:2   | 11908 ||| Stepping ~*~*~tactically~*~*~ (retreating).
 11909 | Lair:2   | 11909 ||| Stepping ~*~*~tactically~*~*~ (retreating).
 11910 | Lair:2   | 11910 ||| Stepping ~*~*~tactically~*~*~ (retreating).
 11996 | Lair:2   | Found a staircase to the Swamp.
 11996 | Lair:2   | Noticed a ghost crab
 12002 | Lair:2   | Killed a ghost crab
 12003 | Lair:2   | 12003 ||| Stepping ~*~*~tactically~*~*~ (cloud).
 12086 | Lair:2   | 12086 ||| READING 2 scrolls of identify.
 12086 | Lair:2   | 12086 ||| IDENTIFYING smoky clear potion
 12087 | Lair:2   | 12087 ||| DROPPING potion of ambrosia.
 12118 | Lair:3   | 12118 ||| INVOKING Heroism.
 12121 | Lair:3   | Reached XP level 13. HP: 84/84 MP: 15/18
 12211 | Lair:3   | 12211 ||| INVOKING Heroism.
 12361 | Lair:3   | You fall into a shaft and drop 2 floors!
 12361 | Lair:5   | Entered Level 5 of the Lair of Beasts
 12423 | Lair:5   | 12423 ||| INVOKING Heroism.
 12562 | Lair:5   | 12562 ||| INVOKING Heroism.
 12589 | Lair:5   | 12589 ||| INVOKING Heroism.
 12600 | Lair:5   | 12600 ||| READING scroll labelled YCOENN PESO.
 12612 | Lair:4   | 12612 ||| INVOKING Heroism.
 12617 | Lair:4   | 12617 ||| Stepping ~*~*~tactically~*~*~ (retreating).
 12618 | Lair:4   | 12618 ||| Stepping ~*~*~tactically~*~*~ (retreating).
 12619 | Lair:4   | 12619 ||| Stepping ~*~*~tactically~*~*~ (retreating).
 12620 | Lair:4   | 12620 ||| Stepping ~*~*~tactically~*~*~ (retreating).
 12621 | Lair:4   | 12621 ||| Stepping ~*~*~tactically~*~*~ (retreating).
 12630 | Lair:4   | Reached skill level 9 in Invocations
 12650 | Lair:4   | 12650 ||| RETREATING.
 12655 | Lair:4   | 12655 ||| INVOKING Heroism.
 12656 | Lair:4   | 12656 ||| RETREATING.
 12685 | Lair:4   | HP: 9/84 [death yak (13)]
 12686 | Lair:4   | 12686 ||| READING 2 scrolls of teleportation.
 12856 | Lair:4   | 12856 ||| INVOKING Heroism.
 12903 | Lair:4   | 12903 ||| Stepping randomly (stuck).
 12918 | Lair:4   | 12918 ||| RETREATING.
 12925 | Lair:4   | 12925 ||| INVOKING Heroism.
 12933 | Lair:4   | 12933 ||| Stepping ~*~*~tactically~*~*~ (retreating).
 12937 | Lair:4   | 12937 ||| Stepping ~*~*~tactically~*~*~ (retreating).
 12954 | Lair:4   | 12954 ||| INVOKING Heroism.
 12977 | Lair:4   | Reached skill level 17 in Ranged Weapons
 13410 | Lair:3   | 13410 ||| INVOKING Heroism.
 13936 | Lair:4   | 13936 ||| STAIRDANCE
 13944 | Lair:4   | 13944 ||| STAIRDANCE
 13981 | Lair:4   | 13981 ||| Stepping ~*~*~tactically~*~*~ (retreating).
 13982 | Lair:4   | 13982 ||| Stepping ~*~*~tactically~*~*~ (retreating).
 13983 | Lair:4   | 13983 ||| Stepping ~*~*~tactically~*~*~ (retreating).
 13984 | Lair:4   | 13984 ||| Stepping ~*~*~tactically~*~*~ (retreating).
 13985 | Lair:4   | 13985 ||| Stepping ~*~*~tactically~*~*~ (retreating).
 13986 | Lair:4   | 13986 ||| Stepping ~*~*~tactically~*~*~ (retreating).
 13987 | Lair:4   | 13987 ||| Stepping ~*~*~tactically~*~*~ (retreating).
 13988 | Lair:4   | 13988 ||| Stepping ~*~*~tactically~*~*~ (retreating).
 14010 | Lair:4   | 14010 ||| INVOKING Heroism.
 14200 | Lair:4   | Found a viscous altar of Jiyva.
 14204 | Lair:4   | Found a staircase to the Slime Pits.
 14249 | Lair:4   | 14249 ||| INVOKING Heroism.
 14472 | Lair:5   | 14472 ||| INVOKING Heroism.
 14568 | Lair:5   | 14568 ||| RETREATING.
 14574 | Lair:5   | 14574 ||| Stepping ~*~*~tactically~*~*~ (retreating).
 14575 | Lair:5   | 14575 ||| Stepping ~*~*~tactically~*~*~ (retreating).
 14576 | Lair:5   | 14576 ||| Stepping ~*~*~tactically~*~*~ (retreating).
 14577 | Lair:5   | 14577 ||| Stepping ~*~*~tactically~*~*~ (retreating).
 14596 | Lair:5   | 14596 ||| INVOKING Heroism.
 14603 | Lair:5   | Reached skill level 18 in Ranged Weapons
 14677 | Lair:5   | 14677 ||| INVOKING Heroism.
 14690 | Lair:5   | Gained mutation: Your large and strong wings let you fly.
                  | [Gargoyle growth]
 14690 | Lair:5   | Reached XP level 14. HP: 43/90 MP: 21/21
 14860 | Lair:5   | 14860 ||| INVOKING Heroism.
 14951 | Lair:5   | 14951 ||| Stepping ~*~*~tactically~*~*~ (retreating).
 14983 | Lair:5   | 14983 ||| FLEEEEING.
 15069 | Lair:5   | Received a gift from Okawaru
 15094 | Lair:5   | Reached skill level 12 in Fighting
 15115 | Lair:5   | 15115 ||| RETREATING.
 15119 | Lair:5   | 15119 ||| Stepping ~*~*~tactically~*~*~ (retreating).
 15120 | Lair:5   | 15120 ||| Stepping ~*~*~tactically~*~*~ (retreating).
 15125 | Lair:5   | 15125 ||| Stepping ~*~*~tactically~*~*~ (retreating).
 15126 | Lair:5   | 15126 ||| Stepping ~*~*~tactically~*~*~ (retreating).
 15129 | Lair:5   | 15129 ||| INVOKING Heroism.
 15151 | Lair:5   | HP: 23/92 [chaos spawn (6)]
 15152 | Lair:5   | 15152 ||| READING 3 scrolls of teleportation.
 15153 | Lair:5   | Slain by a small abomination

Levels and vault maps discovered:
D:1:      dpeg_arrival_erosion, layout_rooms
D:2:      layout_basic, serial_forest, infiniplex_forest_clump_curved,
          infiniplex_forest_split, infiniplex_forest_diagonal,
          infiniplex_forest_straight_3, infiniplex_forest_lined_3,
          infiniplex_forest_straight_1, infiniplex_forest_end_2,
          reono_crystal_passage, uniq_jessica
D:3:      layout_loops_cross, marbit_many_paths,
          nicolae_qazlal_beasts_of_the_sky, lightli_sewer_entry_pipes,
          minmay_circle_x, uniq_robin
D:4:      layout_basic, minmay_fractal_squares_5, uniq_eustachio
D:5:      minmay_goblin_kobold_castle, layout_rooms,
          mainiacjoe_overflow_tiny_flanked, eino_tiny_chamber,
          chequers_serial_rivers_small_b
D:6:      layout_basic, minmay_temple_entry_junction, gammafunk_ghost_cemetery,
          uniq_edmund, uniq_duvessa, uniq_prince_ribbit1, uniq_sigmund
D:7:      layout_gridville, xom_teletrap_fun,
          mainiacjoe_overflow_six_doors_small, grunt_ministairs_2, uniq_menkaure
D:8:      layout_basic, nicolae_wu_jian_immortal_techniques, enter_bailey_8,
          serial_shops, shop, nicolae_book_shop_shelving,
          chequers_serial_rivers_micro_b, uniq_maurice
D:9:      layout_rooms, grunt_temple_overflow_opulence,
          mainiacjoe_overflow_paths, hellmonk_lair_entry_icy
Temple:   hellmonk_temple_divided_pantheon
Lair:1:   layout_regular_city, lemuel_fruit_fields, uniq_grum, uniq_erica
Lair:2:   layout_hall_layers, nicolae_swamp_entry_spooky, spider_nest_entry_a
Lair:3:   layout_cave_pods
Lair:4:   layout_cave_shapes, minmay_slime_entry_pillars
Lair:5:   hellmonk_lair_end_abyssal_woods, layout_cave_pods,
          ebering_ghost_reflecting_pool, kennysheep_snail_temple,
          serial_bayou_shore_b

Skill      XL: |  1  2  3  4  5  6  7  8  9 10 11 12 13 14 |
---------------+-------------------------------------------+-----
Ranged Weapons | 5 6 7 8 10 11 13 15 16 18 | 18.0
Fighting       | 3 4 5 6 8 9 10 11 12 | 12.0
Armour         | 1 2 3 5 6 7 |  7.0
Dodging        | 2 3 4 5 |  5.1
Invocations    | 2 4 7 10 | 10.0
Stealth        | |  1.1

Action                     |  1- 3 |  4- 6 |  7- 9 | 10-12 | 13-15 || total
---------------------------+-------+-------+-------+-------+-------++-------
   Fire: Shortbow          |   130 |   320 |   639 |       |       ||  1089
         Arbalest          |       |       |   121 |   599 |   403 ||  1123
 Invoke: Heroism           |       |       |     2 |    28 |    17 ||    47
    Use: Scroll            |     5 |     5 |     8 |     6 |     3 ||    27
         Potion            |       |       |     2 |       |       ||     2
 Armour: Leather armour    |    38 |    27 |       |       |       ||    65
         Ring mail         |       |   100 |   468 |   379 |   199 ||  1146
  Dodge: Dodged            |    40 |   221 |   729 |   683 |   266 ||  1939

Table legend:
 A = Non-vault XP
 B = Vault XP
 C = Vault XP percentage of total XP
 D = Non-vault monster count
 E = Vault monster count
 F = Vault count percentage of total count
                 A         B        C        D         E       F
            +---------+---------+-------+---------+---------+-------
      Total |   47818 |   12185 |  20.3 |     353 |     150 |  29.8
            +---------+---------+-------+---------+---------+-------
        D:1 |      53 |       0 |   0.0 |      25 |       0 |   0.0
        D:2 |      66 |      37 |  35.9 |      23 |       1 |   4.2
        D:3 |     130 |     313 |  70.7 |      20 |      34 |  63.0
        D:4 |     216 |      29 |  11.8 |      25 |       9 |  26.5
        D:5 |    1037 |     548 |  34.6 |      35 |      50 |  58.8
        D:6 |     385 |    1073 |  73.6 |      16 |       8 |  33.3
        D:7 |    2308 |     337 |  12.7 |      41 |       3 |   6.8
        D:8 |     302 |     503 |  62.5 |       4 |       1 |  20.0
        D:9 |    4810 |    1297 |  21.2 |      30 |       7 |  18.9
     Lair:1 |    6950 |    1507 |  17.8 |      34 |       4 |  10.5
     Lair:2 |    7490 |    2541 |  25.3 |      33 |      11 |  25.0
     Lair:3 |    2942 |       0 |   0.0 |      15 |       0 |   0.0
     Lair:4 |   11589 |     579 |   4.8 |      31 |       4 |  11.4
     Lair:5 |    9540 |    3421 |  26.4 |      21 |      18 |  46.2
            +---------+---------+-------+---------+---------+-------
